Map: Orbital Shipyard

Players

BradLee

  • Race: Terran Terran
  • League: Gold

Toons - Winner!

  • Race: Protoss Protoss
  • League: Gold

VOD

Have the link to the VOD?

Description

Time

  • Played on: Jan. 30, 2016, 3:05 a.m.
  • Length: 15:57
Show
View Real Time Build Order
Export as new Build Order

BradLee Terran 

Build Orders: 1/1/1 

Get SALT Encoding   

  12  0:00  SCV  
  13  0:13  SCV  
  14  0:19  Supply Depot  
  14  0:25  SCV  
  15  0:30  Refinery  
  15  0:40  SCV  
  16  0:46  Barracks  
  16  0:55  SCV  
  17  1:06  Supply Depot  
  17  1:07  SCV  
  17  1:10  Refinery  
  18  1:19  SCV  
  19  1:35  Orbital Command  
  19  1:42  Factory  
  19  1:46  Marine  
  20  2:01  SCV  
  20  2:02  Supply Depot  
  21  2:13  SCV  
  22  2:16  Marine  
  23  2:25  SCV, Factory Tech Lab  
  23  2:28  Starport  
  24  2:40  Marine  
  24  2:41  SCV  
  26  2:45  Siege Tank  
  29  2:58  Marine  
  30  3:07  Medivac  
  30  3:12  Supply Depot  
  32  3:16  Marine  
  32  3:17  Siege Tank  
  36  3:21  Engineering Bay  
  36  3:34  Marine  
  36  3:39  Medivac  
  39  3:48  Missile Turret  
  39  3:52  Siege Tank  
  39  3:53  Marine  
  43  4:02  Liberator  
  43  4:16  Marine  
  47  4:41  Command Center  
  47  4:43  Barracks  
  47  4:44  Barracks  
  47  4:50  Barracks Reactor  
  44  5:17  Siege Tank  
  44  6:01  Marine x2  
  44  6:03  Viking  
  41  6:19  Marine  
  41  6:23  Marine  
  42  6:33  Viking  
  42  6:37  Marine  
  39  6:43  Siege Tank  
  31  7:14  Marine x2  
  31  7:16  Orbital Command  
  31  7:18  SCV  
  31  7:21  Barracks Reactor  
  31  7:22  Barracks Reactor  
  29  7:30  SCV  
  29  7:32  Viking, Marine x2  
  29  7:35  Siege Tank  
  37  7:42  SCV  
  38  7:54  SCV  
  38  7:55  SCV  
  38  7:56  Refinery  
  40  8:02  Viking  
  40  8:07  Marine x2, SCV x2, Siege Tank  
  40  8:09  Marine x2  
  49  8:17  Refinery  
  49  8:19  SCV  
  50  8:21  Refinery  
  50  8:23  SCV  
  50  8:25  Marine x2  
  50  8:26  Marine  
  54  8:31  SCV  
  55  8:37  Missile Turret, SCV  
  55  8:39  Supply Depot  
  55  8:40  Medivac  
  58  8:44  SCV  
  59  8:48  Marine x2  
  59  8:49  Marine  
  62  8:58  Marine, SCV  
  62  9:02  Supply Depot  
  59  9:10  Medivac, Marine x2  
  59  9:11  Marine x3  
  59  9:14  SCV x2  
  59  9:15  Marine  
  69  9:24  Missile Turret  
  69  9:25  Missile Turret  
  69  9:26  SCV x2  
  69  9:28  Marine x3  
  74  9:32  Supply Depot  
  74  9:34  Terran Infantry Weapons Level 1  
  74  9:38  Marine x2, SCV x2  
  78  9:54  Marine x4  
  78  9:56  Medivac, Supply Depot  
  84  10:02  SCV x2  
  84  10:04  Marine  
  88  10:14  SCV x2  
  88  10:26  Medivac  
  88  10:30  Marine  
  88  10:31  Marine x5  
  90  10:48  Marine x2  
  90  10:49  Marine x4, SCV x2  
  95  10:53  Supply Depot  
  95  10:54  Supply Depot  
  95  11:00  Barracks  
  95  11:03  Barracks  
  95  11:04  Armory  
  95  11:06  Marine  
  95  11:08  Marine x2  
  95  11:09  Marine x3  
  101  11:25  Marine  
  93  11:26  Marine x4  
  93  11:27  Marine  
  97  11:35  Siege Tank  
  100  11:42  Marine  
  101  11:50  Command Center  
  101  11:52  Barracks Tech Lab  
  101  11:57  Marine x2, Barracks Reactor  
  101  11:58  Marine x2  
  105  12:02  SCV x2  
  107  12:25  Marine x5  
  107  12:26  Marine  
  107  12:28  Siege Tank  
  116  12:43  Marine x2  
  87  13:28  Marine x4  
  91  13:46  Marine x2  
  84  14:02  Marine x2  
  76  14:03  Marine  
  76  14:04  Marine  
  58  14:20  Marine  
  54  14:40  Command Center  
  54  14:49  Marine x3  
  54  14:50  Marine  
  54  14:51  Refinery  
  58  14:54  Refinery  
  58  15:00  Command Center  
  56  15:07  Medivac, Marine x2  
  56  15:08  Marine x2  
  58  15:22  Orbital Command  
  58  15:25  Marine  
  59  15:29  SCV  
  60  15:38  Marine  
  60  15:39  Marine x2  
  60  15:41  SCV  
Show
View Real Time Build Order
Export as new Build Order

Toons Protoss - Winner!

Build Orders: 1 Gate Expand, Oracle Opening 

Get SALT Encoding   

  12  0:01  Probe (Chrono Boost)  
  13  0:11  Probe (Chrono Boost)  
  14  0:19  Pylon  
  14  0:22  Probe (Chrono Boost)  
  15  0:37  Gateway, Probe (Chrono Boost)  
  16  0:43  Assimilator  
  16  0:47  Probe (Chrono Boost)  
  17  0:58  Probe (Chrono Boost)  
  18  1:08  Probe (Chrono Boost)  
  19  1:19  Probe (Chrono Boost)  
  19  1:24  Cybernetics Core  
  20  1:30  Probe (Chrono Boost)  
  21  1:40  Probe (Chrono Boost)  
  21  1:42  Nexus  
  22  1:51  Probe (Chrono Boost)  
  23  1:55  Assimilator  
  23  2:01  Warp Gate  
  23  2:11  Pylon  
  23  2:18  Pylon  
  25  2:30  Mothership Core (Chrono Boost), Adept  
  27  2:48  Probe (Chrono Boost)  
  28  2:51  Stargate  
  28  2:54  Gateway  
  28  2:55  Gateway  
  28  2:57  Probe (Chrono Boost)  
  29  3:01  Probe (Chrono Boost)  
  30  3:08  Adept  
  32  3:15  Probe (Chrono Boost)  
  32  3:16  Probe (Chrono Boost)  
  34  3:26  Probe (Chrono Boost)  
  35  3:29  Pylon  
  35  3:30  Probe (Chrono Boost)  
  36  3:35  Oracle  
  36  3:36  Probe (Chrono Boost)  
  40  3:47  Probe (Chrono Boost)  
  41  3:51  Probe (Chrono Boost)  
  41  3:53  Assimilator  
  42  3:56  Forge  
  42  4:01  Probe (Chrono Boost)  
  42  4:02  Probe (Chrono Boost)  
  44  4:08  Sentry x2  
  48  4:10  Zealot  
  48  4:15  Probe x2 (Chrono Boost)  
  52  4:20  Assimilator  
  52  4:24  Pylon  
  52  4:25  Probe x2 (Chrono Boost)  
  56  4:36  Probe x2 (Chrono Boost)  
  58  4:42  Void Ray  
  59  5:05  Zealot x3  
  65  5:13  Probe (Chrono Boost)  
  65  5:14  Probe (Chrono Boost)  
  65  5:25  Pylon  
  65  5:27  Pylon  
  57  5:29  Void Ray (Chrono Boost)  
  61  5:37  Gateway  
  61  5:39  Gateway  
  61  5:40  Stalker  
  61  5:41  Stalker x2  
  67  5:46  Pylon  
  67  5:48  Pylon  
  55  6:05  Stalker x2  
  55  6:06  Stalker  
  55  6:09  Void Ray (Chrono Boost)  
  61  6:25  Pylon  
  59  6:27  Pylon  
  59  6:31  Stalker  
  59  6:32  Stalker  
  59  6:46  Probe  
  59  6:47  Probe  
  61  6:56  Probe  
  61  6:59  Probe  
  61  7:07  Probe  
  61  7:08  Stalker x3  
  61  7:11  Probe  
  61  7:12  Protoss Ground Weapons Level 1  
  69  7:27  Probe  
  69  7:29  Probe  
  71  7:32  Stalker x3  
  71  7:33  Stalker x2  
  71  7:35  Void Ray (Chrono Boost)  
  85  7:41  Probe  
  85  7:42  Probe  
  87  7:58  Stalker x4  
  91  8:00  Nexus  
  91  8:02  Pylon  
  91  8:05  Pylon  
  92  8:36  Stalker  
  92  8:37  Stalker x4  
  92  8:38  Probe  
  92  8:39  Probe  
  104  8:50  Photon Cannon  
  104  8:51  Probe  
  104  8:52  Photon Cannon  
  104  8:55  Photon Cannon  
  105  8:58  Assimilator  
  105  9:04  Assimilator  
  105  9:10  Probe  
  105  9:12  Probe  
  105  9:15  Probe  
  107  9:21  Probe  
  109  9:32  Probe  
  109  9:34  Probe, Protoss Ground Armor Level 1  
  109  9:37  Photon Cannon  
  109  9:38  Twilight Council, Photon Cannon  
  111  9:40  Photon Cannon  
  111  9:41  Mothership Core  
  111  9:43  Pylon  
  113  10:07  Probe  
  113  10:08  Probe  
  113  10:09  Probe  
  116  10:14  Stalker x2  
  116  10:15  Stalker x3  
  116  10:18  Nexus  
  116  10:20  Pylon  
  126  10:24  Pylon  
  126  10:27  Pylon  
  120  10:40  Stalker x2  
  120  10:41  Stalker x3  
  130  10:59  Charge  
  130  11:01  Photon Cannon x2  
  130  11:07  Robotics Facility  
  130  11:09  Robotics Facility  
  130  11:11  Pylon  
  130  11:14  Pylon  
  130  11:15  Stalker x3  
  130  11:16  Stalker x2  
  140  11:30  Photon Cannon  
  140  11:31  Photon Cannon  
  140  11:33  Photon Cannon  
  140  11:34  Photon Cannon  
  140  11:39  Photon Cannon x2  
  140  11:41  Photon Cannon  
  140  11:42  Probe  
  140  11:43  Probe, Photon Cannon  
  142  11:51  Assimilator  
  142  11:55  Assimilator  
  142  11:57  Immortal x2  
  142  11:59  Zealot x2  
  142  12:00  Zealot  
  156  12:04  Protoss Ground Armor Level 2  
  156  12:13  Gateway  
  156  12:16  Gateway  
  156  12:18  Gateway  
  156  12:44  Zealot x3  
  156  12:45  Zealot x2  
  156  12:47  Immortal x2  
  171  13:03  Pylon  
  171  13:04  Pylon  
  170  13:06  Pylon  
  170  13:08  Pylon  
  132  13:28  Zealot x2  
  132  13:29  Zealot x3  
  142  13:39  Observer  
  142  13:40  Immortal  
  137  14:06  Stalker  
  137  14:07  Stalker x6  
  137  14:08  Stalker  
  143  14:46  Nexus  
  143  14:52  Warp Prism  
  145  14:57  Stalker x3  
  145  14:58  Stalker x5  
  147  15:20  Assimilator  
  143  15:27  Pylon  
  143  15:30  Pylon  
Tags
 
Add a new tag
Caveats
  • Supply blocks, unpowered buildings, or Contaminate may cause inaccurate times.
  • Supply counts are checked every 10 seconds.